 Dungeon Crawl Stone Soup version 0.29-a0-892-g2c4c91d9db (webtiles) character file.

Game seed: 3508725910656072386

699 zimplof the Vexing (level 7, -5/32 HPs)
             Began as a Spriggan Enchanter on July 22, 2022.
             Was a Follower of Dithmenos.
             Slain by a gnoll sergeant (8 damage)
             ... on level 5 of the Dungeon.
             The game lasted 00:08:40 (5728 turns).

zimplof the Vexing (Spriggan Enchanter)             Turns: 5728, Time: 00:08:40

Health: -5/32      AC:  2    Str:  6    XL:     7   Next: 38%
Magic:  13/18      EV: 17    Int: 16    God:    Dithmenos [*.....]
Gold:   50         SH:  0    Dex: 16    Spells: 9/20 levels left

rFire   . . .      SeeInvis +   a - +3 dagger (elec)
rCold   . . .      Faith    .   (no shield)
rNeg    . . .      Spirit   .   b - +0 robe
rPois   +          Reflect  .   (helmet restricted)
rElec   .          Harm     .   (no cloak)
rCorr   +          Rampage  .   (gloves unavailable)
Will    +....                   (boots unavailable)
Stlth   ++++......              (no amulet)
HPRegen 0.10/turn               h - ring of poison resistance
MPRegen 0.16/turn               n - ring of resist corrosion

@: wreathed by umbra, very quick
A: very small, no large weapons, unfitting armour, see invisible, speed 3
a: Renounce Religion


You were on level 5 of the Dungeon.
You worshipped Dithmenos.
Dithmenos was aware of your devotion.
You visited 2 branches of the dungeon, and saw 6 of its levels.

You collected 170 gold pieces.
You spent 120 gold pieces at shops.

Inventory:

Hand Weapons
 a - a +3 dagger of electrocution (weapon)
 c - a +0 dagger of venom
 d - a +1 dagger of flaming
Missiles
 m - 2 datura-tipped darts (quivered)
Armour
 b - a +0 robe (worn)
Jewellery
 h - a ring of poison resistance (left hand)
 n - a ring of resist corrosion (right hand)
Wands
 k - a wand of roots (3)
Scrolls
 l - 2 scrolls of fear
Potions
 e - a potion of magic
 g - a potion of flight
 i - 2 potions of brilliance
 j - a potion of lignification


   Skills:
 - Level 1.1 Short Blades
 - Level 2.6 Dodging
 + Level 6.2 Stealth
 - Level 7.0 Spellcasting
 - Level 7.4 Hexes


You had 9 spell levels left.
You knew the following spells:

 Your Spells              Type           Power      Damage    Failure   Level
a - Ensorcelled Hibernat  Hex/Ice        34%        N/A       4%          2
b - Tukima's Dance        Hex            29%        N/A       1%          3
c - Dazzling Flash        Conj/Hex       34%        N/A       9%          3
d - Confusing Touch       Hex            29%        N/A       1%          3

Your spell library contained the following spells:

 Spells                   Type           Power      Damage    Failure   Level
 Necrotise                Necr           20%        1d5       12%         1
 Vampiric Draining        Necr           5%         2d6       36%         3
 Yara's Violent Unravell  Hex/Tmut       8%         3d5       58%         5
 Passage of Golubria      Tloc           5%         N/A       77%         4
 Agony                    Necr           5%         N/A       98%         5


Dungeon Overview and Level Annotations

Branches:
Dungeon (5/15)             Temple (1/1) D:5

Altars:
Ashenzari
Dithmenos
Gozag
Hepliaklqana
Kikubaaqudgha
Ru
Wu Jian

Shops:
D:3 ?[[!   D:4 (


Innate Abilities, Weirdness & Mutations

You are very small and have problems with some larger weapons.
You are too small for most types of armour.
You have supernaturally acute eyesight. (SInv)
You cover ground extremely quickly. (Speed+++)


Message History

Unknown command.
You are too injured to fight recklessly!
Unknown command.
You are too injured to fight recklessly!
Unknown command.
You are too injured to fight recklessly!
Unknown command.
You are too injured to fight recklessly!
You hit the gnoll.
The gnoll is lightly wounded.
The gnoll misses you.
You hit the gnoll.
The gnoll is moderately wounded.
The gnoll sergeant hits you!
* * * LOW HITPOINT WARNING * * *
The gnoll closely misses you.
You hit the gnoll.
The gnoll is moderately wounded.
The gnoll closely misses you.
The gnoll sergeant completely misses you.
You hit the gnoll.
The gnoll is heavily wounded.
The gnoll closely misses you. The gnoll sergeant barely misses you.
Unknown command.
Dithmenos accepts your kill.
You feel a bit more experienced.
You hit the gnoll sergeant but do no damage.
Your punch misses the gnoll sergeant. The gnoll sergeant hits you.
* * * LOW HITPOINT WARNING * * *
Unknown command.
You hit the gnoll sergeant.
The gnoll sergeant is lightly wounded.
Your +0 flail hits the gnoll sergeant!
You hit the gnoll sergeant but do no damage.
The gnoll sergeant is severely wounded.
The gnoll sergeant closely misses you.
You closely miss the gnoll sergeant.
The gnoll sergeant is severely wounded.
The gnoll sergeant hits you!
You die...

#......).........?....
#.##.#...#.........###
#.##.#...##......#.#
#.##.#...##......#.#**
#####.#..#...######...,.,,
#..................,**,***
#######...(......?.,,,,,,,
*****#######.##g.###.###***,*,*
*,,,,.........@....#.##****,*,*
*****#####.........#..,,,,,,,,,
#.........#.#*****,*,*
#...>...###.# *,*,*
#...........### *,*,*
*******#....##.......####+#+#
***,,,,,*#....##.......##......
*,,,,,,......###.......##......
***,,,,........................


You could see a gnoll sergeant (ally target) and a friendly +0 flail.

Vanquished Creatures
  Grinder (D:4)
  A water moccasin (D:4)
  A hound (D:5)
  3 orc priests
  A jelly (D:5)
  Jessica (D:2)
  2 orc wizards (D:4)
  5 gnolls (D:5)
  3 adders
  4 dart slugs
  9 orcs
  7 bats
  6 endoplasms
  3 giant cockroaches
  3 hobgoblins
  3 jackals (D:2)
  9 kobolds
  2 quokkas
  5 ball pythons
  2 frilled lizards (D:3)
  7 goblins
  7 rats
  A butterfly (D:5)
86 creatures vanquished.

Vanquished Creatures (collateral kills)
  2 gnolls (D:5)
2 creatures vanquished.

Vanquished Creatures (others)
  3 dancing weapons (D:5)
3 creatures vanquished.

Grand Total: 91 creatures vanquished

Notes
Turn   | Place    | Note
-------+----------+-------------------------------------------
     0 | D:1      | zimplof the Spriggan Enchanter began the quest for the Orb.
     0 | D:1      | Reached XP level 1. HP: 9/9 MP: 5/5
   670 | D:1      | Reached XP level 2. HP: 13/13 MP: 7/7
   682 | D:1      | Learned a level 2 spell: Ensorcelled Hibernation
  1591 | D:2      | Reached XP level 3. HP: 16/16 MP: 9/9
  1595 | D:2      | Found a faded altar of an unknown god.
  1600 | D:2      | Learned a level 3 spell: Tukima's Dance
  1604 | D:2      | Learned a level 3 spell: Confusing Touch
  1675 | D:2      | Noticed Jessica
  1688 | D:2      | Killed Jessica
  2421 | D:1      | Reached XP level 4. HP: 16/21 MP: 11/11
  2566 | D:1      | Reached skill level 5 in Hexes
  3005 | D:3      | Found a shadowy altar of Dithmenos.
  3006 | D:3      | Found a hazy altar of Hepliaklqana.
  3007 | D:3      | Found Orphan's Antique Armour Boutique.
  3007 | D:3      | Found a sacrificial altar of Ru.
  3008 | D:3      | Found an ornate altar of the Wu Jian Council.
  3008 | D:3      | Found an opulent altar of Gozag.
  3009 | D:3      | Found an ancient bone altar of Kikubaaqudgha.
  3012 | D:3      | Became a worshipper of Dithmenos the Shadowed
  3030 | D:3      | Found Peitzaib's Antique Armour Shoppe.
  3321 | D:3      | Found Doylaph's Magic Scroll Shop.
  3330 | D:3      | Bought a scroll of identify for 24 gold pieces
  3330 | D:3      | Bought a scroll of identify for 24 gold pieces
  3330 | D:3      | Bought a scroll of identify for 24 gold pieces
  3330 | D:3      | Bought a scroll of fear for 48 gold pieces
  3810 | D:3      | Found Viot's Distillery.
  3835 | D:3      | Reached skill level 5 in Spellcasting
  3835 | D:3      | Reached XP level 5. HP: 24/24 MP: 11/13
  4018 | D:4      | Noticed Grinder
  4037 | D:4      | Killed Grinder
  4038 | D:4      | Reached XP level 6. HP: 6/28 MP: 12/16
  4296 | D:4      | Learned a level 3 spell: Dazzling Flash
  4466 | D:4      | Found Huitof's Weapon Emporium.
  4607 | D:4      | Reached * piety under Dithmenos
  4896 | D:4      | Noticed a water moccasin
  4902 | D:4      | Killed a water moccasin
  4903 | D:4      | Reached XP level 7. HP: 27/32 MP: 9/18
  5361 | D:5      | Entered Level 5 of the Dungeon
  5409 | D:5      | Found a staircase to the Ecumenical Temple.
  5414 | D:5      | Reached skill level 5 in Stealth
  5423 | Temple   | Entered the Ecumenical Temple
  5728 | D:5      | Slain by a gnoll sergeant

Illustrated notes

Levels and vault maps discovered:
D:1:      ncdulo_wetmaze, layout_basic
D:2:      layout_loops_ring, chequers_ecumenical_altar_simple, uniq_jessica
D:3:      layout_basic, grunt_temple_overflow_open, serial_shops, shop,
          nicolae_lakefront_shop, shop, shop_statue, grunt_decor_fettered
D:4:      layout_loops_corners, serial_shops, nicolae_lakefront_shop,
          uniq_grinder
D:5:      layout_basic, minmay_temple_entry_butterflies
Temple:   bh_familiar_temple

Skill      XL: |  1  2  3  4  5  6  7 |
---------------+----------------------+-----
Spellcasting   | 3 4 5 6 7 |  7.0
Hexes          | 4 5 6 7 |  7.4
Stealth        | 6 |  6.2
Short Blades   | |  1.1
Dodging        | |  2.6

Action                   |  1- 3 |  4- 6 |  7- 9 || total
-------------------------+-------+-------+-------++-------
Melee: Dagger            |    88 |   100 |    45 ||   233
       Punch             |     1 |       |       ||     1
 Cast: Ensorcelled Hiber |       |     4 |       ||     4
       Confusing Touch   |       |     1 |       ||     1
       Tukima's Dance    |       |     2 |     6 ||     8
  Use: Scroll            |     7 |     6 |     1 ||    14
       Potion            |     1 |     2 |     2 ||     5
 Stab: Sleeping          |    10 |    15 |     2 ||    27
       Distracted        |     1 |       |       ||     1
       Invisible         |       |     3 |       ||     3
       Confused          |       |     1 |       ||     1
Armor: Robe              |     8 |     6 |     1 ||    15
Dodge: Dodged            |    46 |    64 |    39 ||   149

Table legend: (Time is in decaauts)
 A = Elapsed time spent in this place.
 B = Non-inter-level travel time spent in this place.
 C = Inter-level travel time spent in this place.
 D = Time resting spent in this place.
 E = Time spent auto-exploring this place.
 F = Levels seen in this place.
 G = Mean time per level.
                   A        B        C        D        E       F      G
               +--------+--------+--------+--------+--------+-----+--------+
         Total |   4532 |   4425 |    107 |    187 |   3620 |   6 |  755.3 |
       Dungeon |   4528 |   4423 |    105 |    187 |   3618 |   5 |  905.6 |
        Temple |      4 |      3 |      1 |      0 |      1 |   1 |    4.0 |
               +--------+--------+--------+--------+--------+-----+--------+

Top non-repeatable levels by time:
     D:2: 1495 daAuts
     D:4: 1156 daAuts
     D:1: 888 daAuts
     D:3: 699 daAuts
     D:5: 288 daAuts
  Temple: 4 daAuts
